 Dungeon Crawl Stone Soup version 0.16-a0-119-gc74d62a (webtiles) character file.

69886 MRaven the Hoplite (level 15, -2/120 HPs)
             Began as a Formicid Abyssal Knight on Aug 11, 2014.
             Was the Champion of Lugonu.
             Killed from afar by Roxanne (55 damage)
             ... with a crystal spear
             ... on Level 1 of the Snake Pit on Aug 12, 2014.
             The game lasted 04:06:37 (45978 turns).

MRaven the Hoplite (Formicid Abyssal Knight)       Turns: 45978, Time: 04:06:38

HP  -2/120       AC 19     Str 24      XL: 15   Next: 76%
MP  29/29        EV 12     Int 11      God: Lugonu [******]
Gold 1781        SH 13     Dex 10      Spells:  0 memorised, 14 levels left

rFire  . . .     SeeInvis +     r - +5 quarterstaff (speed)
rCold  . . .     Clarity  +     m - +3 scale mail {rPois}
rNeg   . . .     rCorr    .     y - +0 shield
rPois  +         rRot     .     (helmet unavailable)
rElec  .         Spirit   .     t - +1 cloak {+Inv}
SustAb +         Warding  .     K - +0 pair of gloves
rMut   .         Stasis   +     x - +1 pair of boots "Uplamyut" {+Blink}
Gourm  .                        J - amulet of clarity
MR     ++...                    G - ring of protection from magic
                                g - ring of sustain abilities

@: studying Invocations, very resistant to hostile enchantments, extremely
unstealthy
A: permanent stasis, dig shafts and tunnels, four strong arms, antennae 3
a: Dig, Shaft Self, Depart the Abyss, Bend Space, Banish, Corrupt, Enter the
Abyss, Renounce Religion, Evoke Invisibility


You were on level 1 of the Snake Pit.
You worshipped Lugonu.
Lugonu was exalted by your worship.
You were full.

You visited 3 branches of the dungeon, and saw 22 of its levels.
You visited the Abyss 2 times.
You also visited: Labyrinth and Ossuary.

You collected 1800 gold pieces.
You spent 19 gold pieces at shops.

Inventory:

Hand weapons
 r - a +5 quarterstaff of speed (weapon)
 w - the +3 Elemental Staff {rElec rF++ rC++ MR++ AC+5}
   (You found it on level 6 of the Dungeon)

   It affects your AC (+5).
   It greatly protects you from fire.
   It greatly protects you from cold.
   It insulates you from electricity.
   It affects your resistance to hostile enchantments.
Missiles
 l - 7 steel javelins (quivered)
Armour
 m - a +3 scale mail of poison resistance (worn)
 p - a +0 pair of boots of jumping
 t - a +1 cloak of darkness (worn)
 x - the +1 pair of boots "Uplamyut" (worn) {+Blink}
   (You acquired it on level 8 of the Lair of Beasts)

   It lets you blink.
 y - a +0 shield (worn)
 K - a +0 pair of gloves (worn)
 N - a +3 scale mail of magic resistance
Magical devices
 z - a wand of draining (0)
 M - a wand of lightning (7)
Comestibles
 i - 5 meat rations
 o - 4 bread rations
 q - 2 royal jellies
Scrolls
 d - 2 scrolls of recharging
 f - a scroll of identify
 n - a scroll of brand weapon
 A - 2 scrolls of fear
 C - 3 scrolls of remove curse
 H - 2 scrolls of magic mapping
 I - 4 scrolls of amnesia
 L - 2 scrolls of enchant armour
 U - a scroll of vulnerability
Jewellery
 e - an uncursed amulet of resist corrosion
 g - a ring of sustain abilities (left hand)
 E - an uncursed ring of stealth
 F - an uncursed ring of protection from fire
 G - a ring of protection from magic (right hand)
 J - an amulet of clarity (around neck)
 Q - an uncursed ring of protection from fire
 T - an uncursed amulet of resist mutation
Potions
 a - a potion of magic
 c - a potion of invisibility
 j - 2 potions of curing
 k - 5 potions of restore abilities
 s - 3 potions of flight
 u - 3 potions of brilliance
Books
 D - a manual of Invocations
Miscellaneous
 b - a lantern of shadows
 h - a box of beasts
 P - a phial of floods (inert)


   Skills:
 - Level 11.7 Fighting
   Level 6.2 Axes
 - Level 10.5 Staves
 + Level 13.0 Armour
 * Level 10.7 Dodging
 + Level 14.0 Shields
 + Level 9.6 Invocations


You had 14 spell levels left.
You didn't know any spells.

Dungeon Overview and Level Annotations

Branches:
Dungeon (13/15)            Temple (0/1) D:7             Orc (0/4) D:11
   Lair (8/8) D:11         Shoals (0/5) Lair:4        Snake (1/5) Lair:5
  Slime (0/6) Lair:7
 Vaults: D:13-14

Altars:
Nemelex Xobeh
Jiyva

Shops:
D:12 *

Portals:
Trove: D:12 (show horn of Geryon)

Annotations:
D:13 Fannar
Lair:7 Rupert
Snake:1 exclusion: Roxanne, Roxanne
Abyss:1 Nergalle, Snorg


Innate Abilities, Weirdness & Mutations

Your are under a permanent stasis effect.
You can dig through walls and to a lower floor.
Your four strong arms can wield two-handed weapons with a shield.
You have a pair of large antennae on your head (SInv).


Message History

You hit Roxanne but do no damage.
Roxanne is lightly damaged.
You hit Roxanne but do no damage.
Roxanne is lightly damaged.
You hit Roxanne but do no damage.
Roxanne is lightly damaged.
You hit Roxanne but do no damage.
Roxanne is lightly damaged.
You hit Roxanne but do no damage.
Roxanne is lightly damaged.
Unknown command.
You hit Roxanne.
Roxanne is lightly damaged.
Roxanne casts a spell.
The crystal spear hits you!
Roxanne mumbles some strange words.
The crystal spear misses you.
Roxanne mumbles some strange words.
The crystal spear hits you!
You die...

...# #...# #... .#
...# #...# #... ..?
...# #...# #... ...#
...###...# #...###...#
.........# #.........
........## #...8..#
...###...# #.....#
...# #...# #..#.##
...# #...# ##...@##
%..# #...##
##..#)########. ...#
#....## ##..#........#
...#
##....###...........$.
..##
##....#...#.........
.#..#
##.....)#########..
#....# ##....## .
#....# ##.#..# ##...
##.....


You could see Roxanne.

Vanquished Creatures
  Frances (Snake:1)
  Gastronok (Lair:2)
  A minotaur (Lab)
  The ghost of absolutego the Basher, a powerful OgAM of Kikubaaqudgha (D:12)
  Nessos (D:11)
  2 anacondas (Snake:1)
  7 hydras
  5 centaur warriors
  6 death yaks (Lair:8)
  A naga sharpshooter (Snake:1)
  3 catoblepae (Lair:8)
  2 hill giants (D:12)
  2 ugly things (D:11)
  2 griffons
  9 black mambas
  Joseph (D:11)
  A kobold demonologist (D:11)
  A naga mage (Snake:1)
  A torpor snail (Lair:2)
  8 spiny frogs
  10 komodo dragons
  A fire drake (Lair:7)
  2 trolls
  2 merfolk (Lair:4)
  27 blink frogs
  A trapdoor spider zombie (D:13)
  A shadow (D:10)
  A two-headed ogre (D:10)
  3 basilisks
  2 trapdoor spiders (Lab)
  A wraith (D:12)
  2 wyverns
  The ghost of ztt the Skirmisher, an average MiFi (D:4)
  50 yaks
  Eustachio (D:7)
  2 deep elf magi
  9 wolves
  9 hippogriffs
  A hill giant skeleton (D:12)
  4 vampire mosquitoes (D:12)
  A soldier ant (D:13)
  9 porcupines
  8 nagas
  12 water moccasins
  6 orc warriors
  A black bear (D:9)
  A manticore zombie (D:12)
  6 ogres
  4 ice beasts
  2 yellow wasps
  8 sky beasts
  4 phantoms
  2 necrophages
  15 centaurs
  23 giant frogs
  A komodo dragon zombie (D:12)
  A cyclops zombie (D:12)
  15 crocodiles
  5 scorpions
  A troll zombie (D:11)
  9 wights
  2 troll skeletons (Lab)
  28 killer bees
  A yak skeleton (D:11)
  3 spriggan skeletons (Lab)
  A centaur zombie (Ossuary)
  7 bog bodies (Ossuary)
  6 crimson imps
  A goliath beetle (D:6)
  2 giant frog zombies (Ossuary)
  3 centaur skeletons (Lab)
  7 jellies
  15 orc priests
  8 hounds
  9 iguanas
  10 worker ants
  19 orc wizards
  14 sheep
  A sky beast zombie (Ossuary)
  Ijyb (D:2)
  A crocodile zombie (D:9)
  A big kobold skeleton (D:10)
  A hound zombie (D:4)
  7 mummies (Ossuary)
  Terence (D:3)
  A worker ant zombie (Ossuary)
  9 gnolls
  54 green rats
  A scorpion zombie (D:5)
  12 adders
  4 shadow imps
  2 giant mites
  4 worms
  An adder zombie (Ossuary)
  An iguana zombie (Ossuary)
  An ooze (D:2)
  48 orcs
  2 ball pythons
  2 bat skeletons
  2 bat zombies
  4 giant cockroaches
  14 hobgoblins
  17 quokkas
  8 bats
  A giant cockroach zombie (Ossuary)
  7 giant geckos
  7 giant newts
  16 goblins
  A hobgoblin skeleton (D:4)
  2 hobgoblin zombies
  17 jackals
  A jackal zombie (Ossuary)
  19 kobolds
  3 orc skeletons
  2 orc zombies (Ossuary)
  2 quokka zombies
  11 rats
  A rat skeleton (D:5)
  3 rat zombies (Ossuary)
  2 ballistomycetes (D:7)
  A bush (Lair:8)
  A plant (D:11)
753 creatures vanquished.

Vanquished Creatures (collateral kills)
  2 hill giants (D:10)
  A scorpion (D:11)
  A worker ant (D:11)
4 creatures vanquished.

Vanquished Creatures (others)
  A fire dragon (Lair:1)
  2 hydras
  2 hill giants
  A komodo dragon (D:12)
  2 trolls
  3 shadows
  An orc warrior (D:10)
  An ogre (D:7)
  2 centaurs
  An orc wizard (D:11)
  A giant spore (D:7)
  5 fungi
  3 plants
25 creatures vanquished.

Grand Total: 782 creatures vanquished

Notes
Turn   | Place    | Note
--------------------------------------------------------------
     0 | Abyss:1  | MRaven, the Formicid Abyssal Knight, began the quest for the Orb.
     0 | Abyss:1  | Reached XP level 1. HP: 18/18 MP: 1/1
    42 | Abyss:1  | Noticed a large abomination
    45 | Abyss:1  | Noticed a quasit
    47 | Abyss:1  | Noticed a quasit
    49 | Abyss:1  | Noticed a flying skull
    51 | D:1      | Escaped the Abyss
   352 | D:1      | Acquired Lugonu's first power
   480 | D:1      | Reached XP level 2. HP: 16/24 MP: 3/3
   683 | D:1      | Reached skill level 1 in Dodging
  1142 | D:2      | Reached XP level 3. HP: 28/30 MP: 5/5
  1172 | D:2      | Noticed Ijyb
  1208 | D:2      | You fall through a shaft for 2 floors!
  1718 | D:4      | Reached XP level 4. HP: 16/37 MP: 6/6
  1829 | D:4      | Reached skill level 4 in Fighting
  2244 | D:3      | Noticed Terence
  2260 | D:3      | Killed Terence
  3010 | D:2      | Reached XP level 5. HP: 37/42 MP: 8/8
  3197 | D:2      | Acquired Lugonu's second power
  3766 | D:2      | Killed Ijyb
  3957 | D:4      | Noticed a scorpion
  4214 | D:3      | Reached skill level 1 in Shields
  4522 | D:4      | Reached XP level 6. HP: 30/49 MP: 10/10
  4537 | D:4      | Noticed ztt's ghost (average MiFi)
  4756 | D:4      | Got a smoking copper ring
  5345 | D:4      | Killed ztt's ghost
  5345 | D:4      | Reached XP level 7. HP: 55/55 MP: 11/13
  5457 | D:5      | Entered Level 5 of the Dungeon
  5624 | D:4      | Identified the ring "Blimeson" {EV+1 Int+1 Slay-2} (You took it off an orc on level 4 of the Dungeon)
  5650 | D:4      | Killed a scorpion
  5935 | D:5      | Acquired Lugonu's third power
  6347 | D:5      | Reached skill level 5 in Axes
  6703 | D:5      | Reached XP level 8. HP: 57/61 MP: 17/17
  7473 | D:5      | Reached skill level 5 in Invocations
  7729 | D:5      | Reached skill level 5 in Armour
  7950 | D:6      | Reached skill level 6 in Invocations
  8160 | D:5      | Reached XP level 9. HP: 20/66 MP: 20/20
  8438 | D:6      | Reached skill level 5 in Shields
  8545 | D:6      | Acquired Lugonu's fourth power
  8621 | D:6      | Reached skill level 7 in Invocations
  8992 | D:6      | Reached skill level 5 in Fighting
  8994 | D:6      | Reached skill level 1 in Staves
  9979 | D:7      | Acquired Lugonu's fifth power
 10299 | D:7      | Found a staircase to the Ecumenical Temple.
 10472 | D:7      | Noticed Eustachio
 10486 | D:7      | Killed Eustachio
 10486 | D:7      | Reached XP level 10. HP: 68/76 MP: 22/22
 10729 | D:8      | Found a sand-covered staircase.
 11016 | Ossuary  | Entered an ossuary
 11306 | Ossuary  | Reached skill level 5 in Staves
 14354 | D:9      | Reached XP level 11. HP: 58/83 MP: 24/24
 14646 | D:9      | Reached skill level 8 in Shields
 15759 | D:10     | Entered Level 10 of the Dungeon
 16611 | D:10     | Noticed a hill giant
 16945 | D:10     | Found a sparkling altar of Nemelex Xobeh.
 17232 | D:10     | Reached skill level 9 in Invocations
 17483 | D:10     | Killed a hill giant
 17715 | D:11     | Found a staircase to the Orcish Mines.
 17739 | D:11     | Found a staircase to the Lair.
 17778 | D:11     | Noticed a four-headed hydra
 18197 | D:11     | Noticed Joseph
 18669 | D:11     | Killed Joseph
 18856 | D:11     | Noticed a centaur warrior
 18885 | D:11     | Killed a centaur warrior
 19339 | D:11     | Noticed a hill giant
 19528 | D:11     | Reached XP level 12. HP: 85/91 MP: 26/26
 19589 | D:11     | Banished a four-headed hydra
 20180 | D:11     | Banished a hill giant
 20344 | D:11     | Noticed a red ugly thing
 20441 | Abyss:1  | Noticed a rakshasa
 20441 | D:11     | Escaped the Abyss
 20778 | D:11     | Noticed Nessos
 20814 | D:11     | Killed Nessos
 20814 | D:11     | Reached skill level 10 in Shields
 20898 | D:11     | Got a steaming leather armour
 20919 | D:11     | Identified the +0 leather armour of the Depths {Str+3 Dex+4} (You found it on level 11 of the Dungeon)
 21000 | D:11     | Killed a red ugly thing
 21243 | D:11     | Noticed a hill giant
 21331 | D:10     | Killed a hill giant
 22885 | D:12     | Noticed absolutego's ghost (powerful OgAM)
 23185 | D:12     | Killed absolutego's ghost
 23185 | D:12     | Reached skill level 10 in Staves
 23343 | D:12     | Reached skill level 10 in Armour
 23416 | D:12     | Found Aducru's Assorted Antiques.
 23419 | D:12     | Found a portal to a secret trove of treasure.
 23439 | D:12     | Bought a blue potion for 19 gold pieces
 25098 | D:11     | Reached XP level 13. HP: 46/101 MP: 27/27
 26046 | D:12     | Reached skill level 11 in Shields
 26279 | D:13     | Noticed Fannar
 27038 | D:13     | Noticed Nergalle
 27040 | D:13     | Banished Nergalle
 27101 | D:13     | Reached skill level 5 in Dodging
 28202 | Lair:1   | Entered Level 1 of the Lair of Beasts
 29313 | Lair:1   | Noticed a fire dragon
 29316 | Lair:1   | Banished a fire dragon
 29316 | Lair:1   | Reached skill level 10 in Fighting
 30189 | Lair:2   | Noticed Gastronok
 30314 | Lair:3   | Found a labyrinth entrance.
 30319 | Lab      | Entered a labyrinth
 30948 | Lab      | Noticed a minotaur
 30959 | Lab      | Killed a minotaur
 30959 | Lab      | Reached skill level 12 in Shields
 32317 | Lair:3   | Got a dazzling leather armour
 32329 | Lair:3   | Identified the cursed +0 leather armour "Oqazul" {Str+4 Dex-3} (You found it on level 3 of the Lair of Beasts)
 32535 | Lair:3   | Reached XP level 14. HP: 87/110 MP: 28/28
 33787 | Lair:4   | Found a staircase to the Shoals.
 35552 | Lair:2   | Killed Gastronok
 36945 | Lair:5   | Found a staircase to the Snake Pit.
 38494 | Lair:6   | Reached skill level 13 in Shields
 39816 | Lair:7   | Noticed Rupert
 39903 | Lair:7   | Found a staircase to the Slime Pits.
 39903 | Lair:7   | Found a viscous altar of Jiyva.
 39944 | Lair:7   | Identified a scroll of acquirement
 40205 | Lair:7   | Reached XP level 15. HP: 102/118 MP: 29/29
 41349 | Lair:8   | Entered Level 8 of the Lair of Beasts
 42706 | Lair:8   | Noticed Snorg
 42719 | Lair:8   | Banished Snorg
 43419 | Lair:8   | Got a pair of heavily runed boots
 43431 | Lair:8   | Identified the +1 pair of boots "Uplamyut" {+Blink} (You acquired it on level 8 of the Lair of Beasts)
 43476 | Lair:8   | Reached skill level 10 in Dodging
 44962 | Snake:1  | Entered Level 1 of the Snake Pit
 44963 | Snake:1  | Upgraded the game from 0.16-a0-113-gc8d9654 to 0.16-a0-119-gc74d62a
 45359 | Snake:1  | Noticed Roxanne
 45361 | Snake:1  | Noticed Frances
 45394 | Snake:1  | Killed Frances
 45675 | Snake:1  | Reached skill level 14 in Shields
 45978 | Snake:1  | Killed from afar by Roxanne

Action                   |  1- 3 |  4- 6 |  7- 9 | 10-12 | 13-15 || total
-------------------------+-------+-------+-------+-------+-------++-------
Melee: Hand axe          |    84 |   243 |    55 |       |       ||   382
       Battleaxe         |       |       |   342 |   176 |       ||   518
       Staff             |       |       |       |  1960 |   213 ||  2173
       Quarterstaff      |       |       |       |   267 |  2355 ||  2622
       War axe           |       |       |       |       |    44 ||    44
 Fire: Hunting sling     |       |       |    23 |     4 |       ||    27
Throw: Stone             |    52 |   136 |    81 |     5 |       ||   274
       Javelin           |       |       |       |       |     7 ||     7
Invok: Depart the Abyss  |     1 |       |       |     1 |       ||     2
       Bend Space        |       |     1 |     2 |     2 |       ||     5
       Banish            |       |       |     3 |     7 |     9 ||    19
       Enter the Abyss   |       |       |       |     1 |       ||     1
 Abil: Shaft Self        |     1 |       |       |       |       ||     1
       Dig               |       |     1 |       |     1 |     8 ||    10
Evoke: Wand              |       |    14 |     4 |    15 |    31 ||    64
       Phial of floods   |       |       |       |       |     1 ||     1
  Use: Scroll            |     1 |     5 |    10 |    19 |    17 ||    52
       Potion            |     2 |       |     1 |     9 |     6 ||    18
 Stab: Distracted        |       |       |       |     1 |       ||     1
       Invisible         |       |       |       |     5 |       ||     5
  Eat: Bread ration      |     1 |     1 |     2 |     1 |     3 ||     8
       Chunk             |       |     6 |     2 |    22 |    26 ||    56
       Beef jerky        |       |       |     1 |     3 |     3 ||     7
       Meat ration       |       |       |     1 |     1 |     3 ||     5
       Pizza             |       |       |     1 |     9 |     3 ||    13
       Fruit             |       |       |       |     4 |    14 ||    18
